 Dungeon Crawl Stone Soup version 0.28-a0-883-gc8d7bad45d (webtiles) character file.

Game seed: 14605467953008959124

4797 porpoise the Thaumaturge (level 10, -6/59 HPs)
             Began as a Deep Elf Conjurer on Nov 21, 2021.
             Was a Follower of Vehumet.
             Shot with a bolt by a tengu warrior (24 damage)
             ... led by a tengu conjurer
             ... on level 8 of the Dungeon on Nov 22, 2021.
             The game lasted 00:40:27 (11024 turns).

porpoise the Thaumaturge (Deep Elf Conjurer)       Turns: 11024, Time: 00:40:27

Health: -6/59      AC: 10    Str:  6    XL:     10   Next: 24%
Magic:  12/28      EV: 16    Int: 28    God:    Vehumet [*.....]
Gold:   328        SH:  0    Dex: 13    Spells: 18/33 levels left

rFire   . . .      SeeInvis .   b - +0 hunting sling (vorpal)
rCold   . . .      Faith    .   (no shield)
rNeg    . . .      Spirit   .   x - +0 steam dragon scales
rPois   .          Reflect  .   D - +2 hat {Int+3}
rElec   .          Harm     .   m - +1 cloak
rCorr   .          Rampage  .   (no gloves)
Will    +....                   f - +0 pair of boots
Stlth   ++........              (no amulet)
HPRegen 0.19/turn               w - +4 ring of evasion
MPRegen 0.21/turn               t - +4 ring of slaying

@: no status effects
A: no striking features
a: Renounce Religion


You were on level 8 of the Dungeon.
You worshipped Vehumet.
Vehumet was aware of your devotion.
You visited 1 branch of the dungeon, and saw 8 of its levels.
You also visited: Sewer.

You collected 484 gold pieces.
You spent 156 gold pieces at shops.

Inventory:

Hand Weapons
 a - a +1 hand axe of draining
 b - a +0 vorpal hunting sling (weapon)
Missiles
 c - 257 stones (quivered ammo)
 h - 45 poisoned darts
Armour
 f - a +0 pair of boots (worn)
 k - a +0 buckler
 m - a +1 cloak (worn)
 x - +0 steam dragon scales (worn)
 y - +0 acid dragon scales
 D - a +2 hat of intelligence (worn)
Magical Staves
 j - a staff of death
Jewellery
 t - a +4 ring of slaying (right hand)
 w - a +4 ring of evasion (left hand)
 E - a ring of fire
Wands
 n - a wand of paralysis (21)
 p - a wand of mindburst (15)
 u - a wand of polymorph (3)
Scrolls
 g - 2 scrolls of fear
 o - 3 scrolls of teleportation
 q - a scroll of fog
 r - a scroll of brand weapon
Potions
 d - 5 potions of curing
 e - a potion of heal wounds
 i - 2 potions of flight
 l - a potion of lignification
 s - a potion of cancellation {unknown}
 v - a potion of attraction {unknown}
 z - a potion of invisibility
 A - a potion of degeneration
 B - a potion of brilliance {unknown}
 C - 2 potions of haste


   Skills:
 - Level 5.0 Fighting
 - Level 2.4 Dodging
 - Level 2.4 Stealth
 + Level 3.1 Shields
 - Level 12.0 Spellcasting
 - Level 7.0 Conjurations
 + Level 8.8 Hexes
 - Level 5.0 Translocations


You had 18 spell levels left.
You knew the following spells:

 Your Spells              Type           Power      Damage    Failure   Level
a - Magic Dart            Conj           100%       1d8       1%          1
b - Searing Ray           Conj           100%       2d8       1%          2
c - Fulminant Prism       Conj/Hex       28%        3d14      1%          4
d - Iskenderun's Mystic   Conj/Tloc      50%        2d11      2%          4
w - Flame Wave            Conj/Fire      36%        3d8       8%          4

Your spell library contained the following spells:

 Spells                   Type           Power      Damage    Failure   Level
 Sandblast                Erth           32%        2d9       3%          1
 Foxfire                  Conj/Fire      100%       2x1d9     1%          1
 Blink                    Tloc           88%        N/A       1%          2
 Dazzling Flash           Conj/Hex       100%       N/A       1%          3
 Gell's Gravitas          Tloc           44%        N/A       1%          3
 Inner Flame              Hex/Fire       41%        N/A       1%          3
 Lesser Beckoning         Tloc           44%        N/A       1%          3
 Teleport Other           Tloc           44%        N/A       1%          3
 Conjure Flame            Conj/Fire      36%        6-21      2%          3
 Manifold Assault         Tloc           44%        N/A       12%         5
 Olgreb's Toxic Radiance  Pois           16%        N/A       32%         4
 Ozocubu's Refrigeration  Ice            8%         4d6       100%        7
 Ignition                 Fire           8%         3d5       100%        8


Dungeon Overview and Level Annotations

Branches:
Dungeon (8/15)             Temple (0/1) D:7           Sewer (visited)
   Lair: D:8-11

Altars:
Ashenzari
Cheibriados
Gozag
Qazlal
Trog
Vehumet
Zin

Shops:
D:2 :   D:6 !


Message History

Your Shields skill increases to level 3!
You start resting.
A tengu warrior comes into view. It is wielding a +0 long sword.
Casting: Searing Ray (safe; 1% risk of failure)
Confirm with . or Enter, or press ? or * to list all spells.
Aiming: Fulminant Prism (dangerous; 1% risk of failure)
Press: ? - help, Dir - move target You conjure a prism of explosive energy!
A fulminant prism comes into view.
The tengu warrior unwields a +0 long sword.
The tengu warrior wields a +0 arbalest.
The tengu warrior shoots a bolt.
The bolt barely misses you.
Casting: Fulminant Prism (dangerous; 1% risk of failure)
Confirm with . or Enter, or press ? or * to list all spells.
You can't see any susceptible monsters within range! (Use Z to cast anyway.)
Casting: Fulminant Prism (dangerous; 1% risk of failure)
Confirm with . or Enter, or press ? or * to list all spells.
Aiming: Searing Ray (safe; 1% risk of failure)
Press: ? - help, Shift-Dir - straight line, f - tengu warrior
Aim: a tengu warrior, wielding a +0 arbalest, wearing a +0 ring mail and quivering bolts (ally target, 70% to hit)
The searing ray hits the tengu warrior.
The tengu warrior is lightly wounded. (Press . to maintain the ray.)
The tengu warrior shoots a bolt.
The bolt hits you!
Your fulminant prism crackles loudly.
The searing ray hits the tengu warrior!
The tengu warrior is moderately wounded.
The tengu warrior shoots a bolt.
The bolt hits you!!
Your fulminant prism explodes!
The blast of energy engulfs the tengu warrior!
The tengu warrior is heavily wounded.
Unknown command.
Casting: Searing Ray (safe; 1% risk of failure)
Confirm with . or Enter, or press ? or * to list all spells.
Aiming: Fulminant Prism (dangerous; 1% risk of failure)
Press: ? - help, Dir - move target, p - tengu warrior You conjure a prism of explosive energy!
A fulminant prism comes into view.
The tengu warrior shoots a bolt.
The bolt hits you!!
You die...

#..........#
#.#.#.#.#..#
#.........##
#.#.#.#.#.#
#.........#
#######.###
#..# #.## #@#
##.## #.*.#
.(Q..Q.........
######.....#.#.
##.##..... #..
.#.#. ### ....
.###


You could see a tengu warrior (ally target) and a friendly fulminant prism.

Vanquished Creatures
  Maggie (D:7)
  A tengu conjurer (D:8)
  8 yaks
  A wraith (D:5)
  A steam dragon (D:6)
  A water moccasin (D:7)
  2 black bears
  3 sky beasts
  An orc warrior (D:8)
  A necrophage (D:5)
  2 centaurs
  2 ogres
  A phantom (D:6)
  6 bullfrogs
  2 gnoll sergeants (D:5)
  A scorpion (D:5)
  3 killer bees (D:7)
  5 wights (D:8)
  A bullfrog zombie (D:7)
  An orc priest (D:7)
  2 hounds (D:5)
  A jelly (D:7)
  Crazy Yiuf (D:2)
  Jessica (D:2)
  3 bullfrog skeletons
  3 iguanas
  5 orc wizards
  2 hound skeletons
  8 gnolls
  10 adders
  A white imp (D:5)
  A worm (D:2)
  3 dart slugs
  18 orcs
  17 ball pythons
  23 endoplasms
  12 giant cockroaches
  3 goblins
  5 hobgoblins
  8 jackals
  8 quokkas
  6 bats
  12 frilled lizards (Sewer)
  5 kobolds
  5 rats
  A spectral goblin (D:2)
208 creatures vanquished.

Vanquished Creatures (others)
  25 fulminant prisms
25 creatures vanquished.

Grand Total: 233 creatures vanquished

Notes
Turn   | Place    | Note
-------+----------+-------------------------------------------
     0 | D:1      | porpoise the Deep Elf Conjurer began the quest for the Orb.
     0 | D:1      | Reached XP level 1. HP: 10/10 MP: 6/6
   287 | D:1      | Reached XP level 2. HP: 15/15 MP: 6/8
   333 | D:1      | Learned a level 2 spell: Searing Ray
   499 | D:1      | Reached skill level 5 in Conjurations
   985 | D:2      | Reached XP level 3. HP: 13/19 MP: 6/10
  1416 | D:2      | Found Cezeqodgh's Book Shop.
  1464 | D:2      | Found a faded altar of an unknown god.
  1571 | D:2      | Found a runed translucent door.
  1572 | D:2      | Noticed Crazy Yiuf
  1621 | D:2      | Noticed Jessica
  1626 | D:2      | Killed Jessica
  1627 | D:2      | Reached skill level 4 in Spellcasting
  1627 | D:2      | Reached XP level 4. HP: 24/24 MP: 6/12
  1959 | D:2      | Killed Crazy Yiuf
  2064 | D:2      | Learned a level 4 spell: Fulminant Prism
  2069 | D:2      | Learned a level 4 spell: Iskenderun's Mystic Blast
  2202 | D:3      | Found a glowing drain.
  2230 | Sewer    | Entered a sewer
  2534 | Sewer    | Reached skill level 1 in Hexes
  2536 | Sewer    | Reached skill level 5 in Spellcasting
  2537 | Sewer    | Reached XP level 5. HP: 28/28 MP: 7/14
  3333 | Sewer    | Reached skill level 6 in Spellcasting
  3338 | Sewer    | Reached XP level 6. HP: 12/32 MP: 4/17
  4097 | D:3      | Found a faded altar of an unknown god.
  4101 | D:3      | Found a glowing silver altar of Zin.
  4674 | D:4      | Reached skill level 7 in Spellcasting
  4674 | D:4      | Reached skill level 5 in Hexes
  5452 | D:4      | Reached skill level 1 in Translocations
  5452 | D:4      | Reached XP level 7. HP: 36/36 MP: 13/19
  5729 | D:5      | Entered Level 5 of the Dungeon
  6398 | D:4      | Upgraded the game from 0.28-a0-872-g80cf8599ee to
                  | 0.28-a0-883-gc8d7bad45d
  6544 | D:5      | Reached XP level 8. HP: 20/41 MP: 0/20
  6846 | D:5      | Reached skill level 5 in Translocations
  7337 | D:5      | Reached skill level 8 in Spellcasting
  7613 | D:6      | Reached skill level 9 in Spellcasting
  7619 | D:6      | Reached skill level 1 in Fighting
  7812 | D:6      | Found a bloodstained altar of Trog.
  7837 | D:6      | Reached skill level 10 in Spellcasting
  7837 | D:6      | Reached XP level 9. HP: 46/49 MP: 8/25
  8119 | D:6      | Learned a level 4 spell: Flame Wave
  8311 | D:6      | Found Kaovud's Distillery.
  8321 | D:6      | Bought a potion of invisibility for 104 gold pieces
  8321 | D:6      | Bought a potion of degeneration for 13 gold pieces
  8321 | D:6      | Bought a potion of curing for 39 gold pieces
  8387 | D:6      | Found an opulent altar of Gozag.
  8392 | D:6      | Found a radiant altar of Vehumet.
  8392 | D:6      | Found a stormy altar of Qazlal.
  8400 | D:6      | Became a worshipper of Vehumet
  8413 | D:6      | Found a snail-covered altar of Cheibriados.
  8416 | D:6      | Found a broken altar of Ashenzari.
  9179 | D:7      | Reached skill level 11 in Spellcasting
  9493 | D:7      | Found a staircase to the Ecumenical Temple.
  9493 | D:7      | Noticed Maggie
  9499 | D:7      | Killed Maggie
  9672 | D:7      | Reached skill level 5 in Fighting
  9672 | D:7      | Reached skill level 12 in Spellcasting
  9674 | D:7      | Reached * piety under Vehumet
  9674 | D:7      | Offered knowledge of Sandblast by Vehumet.
  9675 | D:7      | Reached skill level 1 in Shields
  9679 | D:7      | Reached XP level 10. HP: 59/59 MP: 11/28
 10797 | D:8      | Identified the +5 chain mail of Context {Rampage rPois rF++
                  | MP-9}
 11020 | D:8      | Noticed a tengu warrior
 11024 | D:8      | Shot with a bolt by a tengu warrior

Illustrated notes

Levels and vault maps discovered:
D:1:      dpeg_arrival_circle_labyrinth_b, layout_basic, solitary_fountain,
          chequers_serial_rivers_small_a
D:2:      layout_loops_ring, serial_shops, nicolae_shop_hallway_stairs,
          dreamdust_ecumenical_altar_drowned_temple, eino_tiny_chamber,
          uniq_jessica, uniq_crazy_yiuf_cottage
D:3:      layout_basic, nicolae_overflow_ecumenical_swirl,
          cheibrodos_sewer_entry_drain, minivault_14, kennysheep_generic_room_13
D:4:      layout_loops_corners
D:5:      layout_rooms
D:6:      layout_gridville, mainiacjoe_overflow_paths,
          minmay_overflow_temple_star_hex, serial_shops, nicolae_lakefront_shop
D:7:      layout_basic, temple_green, uniq_maggie
D:8:      layout_loops_ring, serial_glass, glass_columns_c, glass_columns_c,
          glass_columns_a, glass_columns_a, glass_columns_c, glass_columns_a,
          glass_columns_b, glass_columns_b, glass_columns_c, glass_columns_b,
          glass_columns_a, glass_columns_b, glass_columns_a, glass_columns_a,
          item_on_display_a, lightli_corner_chamber

Skill      XL: |  1  2  3  4  5  6  7  8  9 10 |
---------------+-------------------------------+-----
Conjurations   | 5 7 |  7.0
Spellcasting   | 4 5 6 7 10 12 | 12.0
Hexes          | 1 4 5 7 8 |  8.8
Translocations | 1 4 5 |  5.0
Fighting       | 2 5 |  5.0
Shields        | 1 3 |  3.1
Dodging        | |  2.4
Stealth        | |  2.4

Action                   |  1- 3 |  4- 6 |  7- 9 | 10-12 || total
-------------------------+-------+-------+-------+-------++-------
 Fire: Hunting sling     |       |       |    25 |    16 ||    41
Throw: Dart              |       |       |    14 |       ||    14
 Cast: Magic Dart        |    44 |   124 |     7 |       ||   175
       Searing Ray       |     7 |    19 |    47 |    13 ||    86
       Fulminant Prism   |       |     1 |    16 |     9 ||    26
       Iskenderun's Myst |       |       |    11 |     1 ||    12
  Use: Scroll            |       |     5 |     7 |     1 ||    13
       Potion            |       |       |     1 |       ||     1
Armor: Robe              |     1 |     5 |     3 |       ||     9
       Steam dragon scal |       |       |     4 |     4 ||     8
Dodge: Dodged            |     3 |    11 |    38 |    17 ||    69

Table legend: (Time is in decaauts)
 A = Elapsed time spent in this place.
 B = Non-inter-level travel time spent in this place.
 C = Inter-level travel time spent in this place.
 D = Time resting spent in this place.
 E = Time spent auto-exploring this place.
 F = Levels seen in this place.
 G = Mean time per level.
                   A        B        C        D        E       F      G
               +--------+--------+--------+--------+--------+-----+--------+
         Total |  11117 |  10762 |    355 |   4346 |   5161 |   9 | 1235.2 |
       Dungeon |   9705 |   9350 |    355 |   3373 |   4903 |   8 | 1213.1 |
         Sewer |   1412 |   1412 |      0 |    973 |    258 |   1 | 1412.0 |
               +--------+--------+--------+--------+--------+-----+--------+

Top non-repeatable levels by time:
     D:4: 1766 daAuts
     D:6: 1569 daAuts
     D:7: 1527 daAuts
   Sewer: 1412 daAuts
     D:2: 1207 daAuts
     D:5: 1139 daAuts
     D:3: 1029 daAuts
     D:1: 934 daAuts
     D:8: 532 daAuts
